 Dungeon Crawl Stone Soup version 0.14-a0-2001-g390038d (webtiles) character file.

196 Kae the Shield-Bearer (level 4, 0/39 HPs)
             Began as a Minotaur Fighter on Jan 18, 2014.
             Slain by a goblin
             ... wielding a +1,+2 elven dagger of speed
              (2 damage)
             ... on Level 3 of the Dungeon.
             The game lasted 00:01:02 (1443 turns).

Kae the Shield-Bearer (Minotaur Fighter)            Turns: 1443, Time: 00:01:03

HP   0/39        AC  8     Str 22      XL: 4   Next: 42%
MP   2/2         EV  7     Int  5      God:
Gold 99          SH 20     Dex  9      Spells:  0 memorised,  3 levels left

rFire  . . .     SeeInvis .     a - +0 mace
rCold  . . .     Clarity  .     b - +0 scale mail
rNeg   . . .     Conserve +     c - +0 shield
rPois  .         rCorr    +     (helmet restricted)
rElec  .         rRot     .     t - +0 cloak {rCorr, Cons}
SustAb . .       Spirit   .     (no gloves)
rMut   .         Warding  .     (no boots)
Saprov . . .     Stasis   .     (no amulet)
MR     .....                    (no ring)
                                (no ring)

@: not resistant to hostile enchantments, extremely unstealthy
A: retaliatory headbutt, horns 2
a: no special abilities


You were on level 3 of the Dungeon.
You were not hungry.

You visited 1 branch of the dungeon, and saw 3 of its levels.

You collected 99 gold pieces.

Inventory:

Hand weapons
 a - a +0,+0 mace (weapon)
Missiles
 i - 6 poisoned tomahawks (quivered)
Armour
 b - a +0 scale mail (worn)
 c - a +0 shield (worn)
 t - a +0 cloak of preservation (worn)
Comestibles
 d - 2 bread rations
 m - a pear
 p - a lychee
Scrolls
 f - a scroll of fear {unknown}
 g - 2 scrolls of recharging {unknown}
 h - a scroll of identify {unknown}
 j - a scroll of blinking {unknown}
 l - a scroll of random uselessness {unknown}
 o - a scroll of remove curse {unknown}
 q - a scroll of magic mapping {unknown}
 r - a scroll of curse armour {unknown}
 v - 3 scrolls of curse jewellery {unknown}
Jewellery
 k - a +2 ring of strength {unknown}
Potions
 e - a potion of curing {unknown}
 n - a potion of brilliance {unknown}
 s - a potion of mutation {unknown}
 u - a potion of speed {unknown}


   Skills:
 - Level 3.6 Fighting
 + Level 3.9 Maces & Flails
 - Level 3.6 Armour
 * Level 5.5 Shields


You had 3 spell levels left.
You didn't know any spells.

Dungeon Overview and Level Annotations

Branches:
Dungeon (3/16)

Altars:

Annotations:
D:3 Grinder


Innate Abilities, Weirdness & Mutations

You reflexively headbutt those who attack you in melee.
You have a pair of horns on your head.


Message History

Grinder hits you.
You writhe in agony.
* * * LOW HITPOINT WARNING * * *
The goblin hits you but does no damage. Grinder completely misses you.
The goblin hits you with a glowing elven dagger.
* * * LOW HITPOINT WARNING * * *
The quokka bites you.
* * * LOW HITPOINT WARNING * * *
You can move again.
You are too injured to fight recklessly!
You are too injured to fight recklessly!
The quokka closely misses you.
Unknown command.
You block the goblin's attack.
Grinder says, "Tell me all your secrets, or I'll kill you."
Grinder gestures at you. Pain shoots through your body!
* * * LOW HITPOINT WARNING * * *
The goblin hits you with a glowing elven dagger.
You die...

#.# #........# #.#
#........# #.#
#........# #.#
#........# #.#
#........# #.#
#........# #.#
##........#
######.####.rg5...###
#.........).@.....#
#.####.####.......#
.####.# #.# #########
......####.#
...........#
......###..#
#####......#
....#.###.....
###.#.# ...


You could see Grinder, a quokka and a goblin.

Vanquished Creatures
  Crazy Yiuf (D:2)
  2 adders (D:2)
  A worm (D:2)
  4 bats
  6 hobgoblins
  3 jackals (D:2)
  An ooze (D:2)
  3 ball pythons (D:2)
  2 giant cockroaches
  2 giant newts (D:2)
  9 goblins
  10 kobolds
  4 rats
  A fungus (D:2)
49 creatures vanquished.

Notes
Turn   | Place    | Note
--------------------------------------------------------------
     0 | D:1      | Kae, the Minotaur Fighter, began the quest for the Orb.
     0 | D:1      | Reached XP level 1. HP: 19/19 MP: 1/1
    63 | D:1      | Reached skill level 4 in Shields
   131 | D:1      | Reached XP level 2. HP: 26/26 MP: 1/1
   652 | D:2      | Reached XP level 3. HP: 29/31 MP: 2/2
   746 | D:2      | Reached skill level 5 in Shields
  1188 | D:2      | Noticed Crazy Yiuf
  1199 | D:2      | Killed Crazy Yiuf
  1199 | D:2      | Reached XP level 4. HP: 17/39 MP: 2/2
  1204 | D:2      | Identified a +0 cloak of preservation (You took it off Crazy Yiuf on level 2 of the Dungeon)
  1431 | D:3      | Noticed Grinder
  1435 | D:3      | Paralysed by Grinder for 5 turns
  1443 | D:3      | Slain by a goblin

Action                   |  1- 3 |  4- 6 || total
-------------------------+-------+-------++-------
Melee: Mace              |   121 |     5 ||   126
